Map: Incorporeal LE

Players

ManlyManMeat

  • Race: Zerg Zerg
  • League: Master
  • Spawn Location: 11:00

TAEKBANG - Winner!

  • Race: Zerg Zerg
  • League: Platinum
  • Spawn Location: 5:00

VOD

Have the link to the VOD?

Description

Time

  • Played on: June 17, 2025, 11:35 a.m.
  • Length: 8:42
Show
View Real Time Build Order
Export as new Build Order

ManlyManMeat Zerg 

Build Orders: Hatch First 

Get SALT Encoding   

  12  0:00  Drone  
  13  0:08  Drone  
  14  0:16  Overlord  
  14  0:34  Drone x3  
  17  0:56  Hatchery  
  16  0:59  Drone  
  17  1:12  Drone x2  
  19  1:20  Spawning Pool  
  18  1:30  Drone x2  
  18  1:31  Extractor  
  19  1:52  Drone x2  
  22  2:01  Drone  
  22  2:07  Queen  
  24  2:08  Queen  
  24  2:10  Zergling x2  
  24  2:11  Zergling x2  
  27  2:30  Drone  
  28  2:43  Overlord  
  28  2:54  Hatchery  
  28  2:55  Zergling x2  
  26  3:07  Zergling x4  
  26  3:08  Zergling x2, Drone  
  26  3:09  Drone x2  
  26  3:11  Queen  
  34  3:15  Metabolic Boost  
  34  3:19  Drone x2  
  36  3:28  Overlord  
  28  3:58  Queen  
  28  4:00  Zergling x6  
  28  4:01  Zergling x6  
  38  4:07  Lair  
  36  4:11  Baneling Nest  
  36  4:12  Drone x5  
  36  4:16  Overlord  
  40  4:18  Drone  
  41  4:34  Drone x5  
  46  4:50  Evolution Chamber x2  
  46  4:51  Drone x4  
  46  4:52  Drone x2, Extractor  
  49  4:55  Queen  
  51  5:03  Zergling x8  
  54  5:21  Zergling x6  
  54  5:22  Zergling x2, Overlord  
  54  5:23  Overlord  
  54  5:26  Overlord  
  58  5:32  Zerg Melee Weapons Level 1  
  58  5:40  Queen  
  59  5:52  Zergling x2  
  59  5:53  Zergling x16  
  59  5:54  Zergling x4  
  67  6:03  Drone x5  
  72  6:07  Drone x3  
  69  6:32  Zergling x2  
  69  6:33  Zergling x10  
  70  6:44  Zergling x18  
  79  6:54  Overlord x5  
  79  6:56  Hatchery  
  78  7:03  Overlord x2  
  78  7:06  Hatchery  
  74  7:17  Zergling x14  
  74  7:18  Zergling x8  
  68  7:49  Zergling x2  
  68  7:50  Zergling x14  
  75  8:04  Zergling x22  
  82  8:14  Zergling x2  
  82  8:15  Zergling x2  
Show
View Real Time Build Order
Export as new Build Order

TAEKBANG Zerg - Winner!

Build Orders: Hatch First 

Get SALT Encoding   

  12  0:00  Drone  
  13  0:08  Drone  
  14  0:17  Extractor  
  14  0:18  Drone, Extractor  
  13  0:21  Drone  
  13  0:27  Overlord  
  16  0:47  Drone  
  16  0:49  Drone  
  18  0:54  Drone  
  19  1:01  Extractor  
  18  1:09  Hatchery  
  17  1:13  Spawning Pool  
  17  1:14  Drone  
  17  1:18  Drone  
  18  1:30  Overlord  
  18  1:44  Overlord  
  18  2:03  Metabolic Boost  
  18  2:04  Zergling x2  
  18  2:05  Zergling x2  
  20  2:21  Queen x2  
  24  2:32  Drone x2  
  24  2:33  Drone x3  
  29  2:42  Drone  
  30  2:51  Spine Crawler  
  29  2:55  Zergling x6  
  30  3:11  Drone x2  
  32  3:15  Drone  
  32  3:17  Drone  
  34  3:25  Overlord  
  34  3:39  Drone  
  34  3:40  Drone x6  
  41  3:42  Lair  
  37  3:57  Drone  
  37  3:58  Drone x2  
  37  4:02  Extractor  
  39  4:03  Extractor  
  39  4:08  Roach Warren, Evolution Chamber  
  36  4:11  Evolution Chamber  
  35  4:20  Drone  
  36  4:25  Drone x7  
  43  4:36  Zerg Missile Weapons Level 1  
  43  4:37  Zerg Ground Armor Level 1  
  43  4:45  Hatchery  
  42  4:48  Roach x2  
  42  4:49  Roach  
  42  4:50  Roach  
  50  4:53  Glial Reconstitution  
  50  5:05  Roach  
  52  5:16  Overlord x2  
  51  5:29  Roach x4  
  51  5:33  Overlord  
  51  5:34  Overlord x5  
  51  5:36  Roach  
  51  5:37  Roach x3  
  51  5:40  Ravager x3  
  51  5:42  Ravager  
  53  6:02  Roach  
  53  6:03  Roach x7  
  65  6:06  Ravager x2  
  66  6:25  Drone  
  66  6:26  Drone x7  
  66  6:50  Spine Crawler  
  66  6:51  Spine Crawler  
  66  6:52  Roach x3  
  66  6:53  Roach  
  72  7:01  Spore Crawler  
  72  7:04  Drone x4  
  72  7:05  Drone  
  76  7:09  Spore Crawler  
  76  7:10  Spore Crawler  
  74  7:19  Roach x5  
  84  7:27  Drone x3, Extractor  
  84  7:28  Overlord  
  86  7:38  Roach x4  
  86  7:39  Roach  
  90  7:48  Roach x4  
  90  7:50  Roach  
  100  8:09  Roach  
  100  8:10  Roach x7  
Tags
 
Add a new tag
Caveats
  • Supply blocks, unpowered buildings, or Contaminate may cause inaccurate times.
  • Supply counts are checked every 10 seconds.